Map: Emerald City LE

Players

Massa

  • Race: Terran Terran
  • League: Gold
  • Spawn Location: 5:00

qqq

  • Race: Zerg Zerg
  • League: Platinum
  • Spawn Location: 5:00

trole - Winner!

  • Race: Zerg Zerg
  • League: Gold
  • Spawn Location: 11:00

Ljemicus - Winner!

  • Race: Protoss Protoss
  • League: Platinum
  • Spawn Location: 11:00

VOD

Have the link to the VOD?

Description

Time

  • Played on: May 23, 2020, 4:15 p.m.
  • Length: 17:30
Show
View Real Time Build Order
Export as new Build Order

Massa Terran 

Build Orders:  

Get SALT Encoding   

  12  0:12  Supply Depot  
  12  0:18  SCV  
  13  0:30  SCV  
  14  0:40  Barracks  
  14  0:42  SCV  
  15  0:54  SCV  
  16  1:07  SCV  
  17  1:19  SCV  
  18  1:27  Supply Depot  
  18  1:31  SCV  
  19  1:37  Marine  
  20  1:43  SCV  
  21  1:51  Refinery  
  21  1:54  Marine  
  21  1:59  Barracks  
  22  2:18  Barracks  
  22  2:22  Marine  
  23  2:29  Barracks  
  23  2:39  Marine  
  24  2:51  Marine, Command Center  
  24  2:57  Marine, Supply Depot  
  26  3:02  Supply Depot  
  26  3:03  SCV  
  27  3:09  Marine  
  27  3:11  Marine  
  29  3:15  Marine  
  29  3:18  Marine  
  31  3:27  Marine  
  31  3:29  Marine  
  31  3:33  Marine  
  34  3:37  Orbital Command  
  34  3:40  Marine  
  35  3:45  Marine  
  35  3:46  Marine  
  37  3:51  Marine  
  38  3:57  Marine  
  39  4:03  Marine  
  39  4:04  Marine  
  39  4:08  Marine, Supply Depot  
  42  4:15  Marine  
  43  4:19  SCV x2  
  43  4:20  Marine  
  43  4:22  Marine  
  47  4:26  Marine  
  48  4:33  Marine  
  49  4:38  Marine  
  49  4:40  Marine  
  49  4:44  Marine  
  52  4:51  Marine  
  53  4:56  Marine  
  37  5:17  Marine  
  37  5:18  Marine x3  
  37  5:21  Orbital Command  
  40  5:35  Marine  
  41  5:36  Marine x3  
  44  5:52  Marine  
  44  5:53  Marine  
  44  5:54  Marine x2  
  44  6:10  Marine  
  45  6:11  Marine x2  
  45  6:12  Marine  
  47  6:28  Marine  
  47  6:29  Marine x3  
  43  6:46  Marine  
  43  6:47  Marine x3  
  37  7:04  Marine  
  37  7:05  Marine x3  
  39  7:10  SCV  
  39  7:11  SCV  
  41  7:20  Factory  
  41  7:21  Marine  
  41  7:22  SCV, Marine  
  39  7:23  SCV, Barracks, Marine x2  
  42  7:34  SCV  
  42  7:35  SCV  
  30  7:39  Marine  
  30  7:40  Marine  
  30  7:41  Marine x2  
  31  7:46  SCV  
  31  7:47  SCV  
  31  7:51  Barracks  
  33  7:57  Marine  
  33  7:58  SCV, Marine x3  
  33  8:01  Command Center  
  34  8:15  Marine  
  34  8:16  Marine x2  
  37  8:22  Marine  
  34  8:27  Factory Tech Lab  
  34  8:33  Marine  
  34  8:34  Marine x2  
  35  8:40  Marine  
  38  8:50  Marine  
  38  8:52  Marine x2  
  38  8:53  Marine x2  
  38  8:55  Siege Tank  
  46  8:57  Marine  
  46  9:01  Refinery  
  47  9:08  Marine  
  47  9:09  Marine  
  48  9:10  Marine  
  48  9:11  Marine x2  
  48  9:15  Marine  
  53  9:18  SCV  
  54  9:26  Marine  
  54  9:27  Marine, Siege Tank  
  54  9:28  Marine  
  54  9:29  Marine  
  54  9:30  SCV  
  62  9:33  Marine  
  63  9:42  SCV  
  63  9:43  SCV  
  63  9:44  Marine  
  66  9:54  SCV  
  66  9:55  SCV  
  68  10:06  SCV  
  69  10:20  Orbital Command  
  69  10:31  Command Center  
  69  10:40  Command Center  
  67  10:47  Engineering Bay  
  50  11:10  Marine  
  50  11:11  Marine x4  
  33  11:21  Siege Tank  
  33  11:28  Marine x2  
  33  11:29  Marine x3  
  38  11:34  SCV  
  38  11:35  SCV  
  40  11:46  SCV, Marine x3  
  40  11:47  SCV, Marine x2  
  45  11:53  Siege Tank  
  50  11:59  SCV  
  51  12:04  Marine x5  
  56  12:12  Command Center  
  56  12:22  Marine x5, Planetary Fortress  
  60  12:25  Siege Tank  
  64  12:40  Marine x4  
  66  12:50  Barracks Tech Lab  
  65  12:57  Marine  
  65  12:58  Refinery, Marine x2  
  68  13:01  SCV  
  68  13:05  SCV  
  70  13:08  Terran Infantry Weapons Level 1  
  70  13:13  SCV, Engineering Bay  
  70  13:17  SCV  
  72  13:25  SCV  
  72  13:27  Marine x5  
  73  13:29  SCV  
  73  13:32  Combat Shield  
  79  13:37  SCV  
  79  13:40  Armory  
  79  13:41  SCV  
  81  13:44  Marine  
  81  13:45  Marine  
  83  13:49  SCV, Marauder, Marine  
  83  13:52  Barracks Reactor  
  83  13:53  SCV  
  88  13:56  SCV  
  88  14:02  Marine  
  85  14:07  Marine x2  
  79  14:10  Marauder  
  81  14:18  Siege Tank  
  81  14:20  Marine  
  85  14:25  Marine x2  
  75  14:32  Marauder  
  75  14:38  Marine  
  57  14:48  Marine x4  
  59  14:53  Marauder  
  59  14:56  Marine  
  59  14:57  Siege Tank  
  65  15:06  Marine x3  
  66  15:08  Refinery  
  66  15:14  Marauder  
  66  15:18  Marine x2  
  61  15:24  Marine x3  
  62  15:29  Siege Tank  
  62  15:36  Marauder, Marine x2  
  62  15:41  Marine x2  
  62  15:42  Marine  
  62  15:53  Marine  
  62  15:54  Marine  
  53  15:57  Marauder  
  53  15:59  Marine x3  
  53  16:00  SCV x3  
  53  16:01  Siege Tank  
  53  16:04  SCV  
  63  16:11  Marine  
  63  16:12  SCV x3, Marine  
  63  16:16  SCV  
  63  16:17  Marine x2  
  63  16:18  Barracks Reactor  
  71  16:19  Marauder  
  71  16:23  Barracks  
  71  16:24  SCV x3  
  76  16:28  SCV  
  76  16:29  Marine x2  
  76  16:31  Barracks Reactor  
  79  16:35  Marine x2  
  79  16:36  SCV x2  
  81  16:40  Marauder  
  69  16:55  Siege Tank  
  69  16:57  Marine x6  
  65  17:01  Marauder  
Show
View Real Time Build Order
Export as new Build Order

qqq Zerg 

Build Orders: Hatch First 

Get SALT Encoding   

  12  0:05  Drone  
  13  0:10  Drone  
  14  0:41  Hatchery  
  13  0:52  Spawning Pool  
  12  0:59  Overlord  
  12  1:03  Drone  
  13  1:08  Drone  
  14  1:18  Drone  
  15  1:21  Extractor  
  15  1:24  Drone  
  15  1:34  Drone  
  16  1:40  Queen  
  18  1:51  Zergling x2  
  18  1:53  Queen  
  21  1:56  Drone  
  21  2:01  Zergling x2  
  23  2:07  Drone  
  24  2:08  Zergling x2  
  25  2:20  Zergling x2  
  26  2:28  Zergling x2  
  27  2:34  Drone  
  27  2:36  Overlord x2  
  28  2:51  Metabolic Boost  
  28  2:57  Drone x2, Baneling Nest  
  28  2:58  Zergling x2  
  30  2:59  Drone  
  30  3:03  Zergling x2  
  32  3:07  Zergling x2  
  32  3:10  Zergling x2  
  34  3:17  Zergling x2  
  34  3:18  Drone  
  34  3:19  Zergling x2  
  37  3:25  Overlord  
  37  3:29  Zergling x2  
  38  3:35  Zergling x2  
  38  3:37  Drone  
  38  3:38  Zergling x2  
  41  3:44  Overlord  
  41  3:46  Zergling x2  
  42  4:00  Zergling x2  
  42  4:01  Zergling x8  
  47  4:11  Baneling x4  
  47  4:15  Zergling x6  
  50  4:17  Zergling x2  
  51  4:30  Baneling x2  
  51  4:35  Zergling x6  
  51  4:36  Zergling x6  
  54  5:05  Baneling  
  50  5:08  Zergling x6  
  50  5:11  Zergling x2  
  50  5:12  Zergling x4  
  41  5:39  Zergling x4  
  41  5:40  Zergling x4  
  38  5:57  Zergling x6  
  38  5:58  Zergling x6  
  38  6:25  Zergling x4  
  38  6:32  Hatchery  
  31  6:41  Hatchery  
  27  6:54  Zergling x6  
  27  6:55  Zergling x12  
  36  7:06  Lair  
  36  7:10  Roach Warren  
  36  7:11  Zergling x8  
  36  7:12  Zergling x2  
  39  7:25  Zergling x2  
  39  7:26  Zergling x8  
  44  7:37  Zergling x2  
  42  7:51  Drone x3  
  42  7:53  Zergling x4  
  39  8:06  Roach x2  
  39  8:07  Roach x2  
  39  8:08  Roach x2  
  51  8:15  Overseer  
  51  8:16  Pneumatized Carapace  
  49  8:23  Drone x2  
  49  8:24  Drone  
  50  8:27  Roach  
  52  8:39  Drone x4  
  54  8:51  Zergling x2  
  54  8:52  Zergling x4  
  57  8:59  Queen  
  59  9:03  Drone  
  59  9:04  Drone x2  
  62  9:13  Glial Reconstitution  
  62  9:20  Evolution Chamber  
  62  9:23  Infestation Pit, Roach x2  
  64  9:25  Drone  
  64  9:30  Spine Crawler  
  65  9:31  Drone  
  65  9:36  Spine Crawler  
  65  9:37  Drone  
  65  9:39  Drone  
  65  9:40  Hatchery  
  55  9:58  Drone x3  
  55  9:59  Drone x6  
  56  10:17  Drone  
  56  10:19  Roach x2  
  59  10:22  Spore Crawler  
  59  10:24  Spine Crawler  
  59  10:26  Spore Crawler  
  56  10:29  Spore Crawler  
  56  10:30  Drone x4  
  56  10:33  Overlord  
  59  10:46  Drone x4, Overlord  
  64  10:50  Zergling x2  
  64  11:10  Roach x2  
  61  11:12  Zergling x12  
  61  11:13  Zergling x6  
  63  11:19  Roach x3  
  63  11:22  Zergling x2  
  70  11:27  Zergling x6  
  70  11:29  Roach  
  70  11:30  Roach  
  77  11:38  Roach x3  
  77  11:39  Roach  
  85  11:43  Ravager x3  
  88  11:48  Drone  
  88  11:50  Drone x4  
  93  12:02  Extractor  
  93  12:06  Extractor  
  87  12:26  Roach x3  
  87  12:27  Zergling x2, Roach x2  
  87  12:29  Overlord x4  
  93  12:41  Roach x2  
  93  12:42  Drone  
  93  12:43  Drone x2  
  93  12:53  Drone  
  93  12:54  Drone x5  
  93  12:55  Roach  
  101  13:02  Extractor  
  100  13:07  Extractor, Drone x2  
  100  13:08  Extractor  
  100  13:10  Drone x3  
  100  13:11  Drone x3  
  100  13:12  Roach x3  
  95  13:24  Roach x3  
  95  13:25  Roach  
  100  13:28  Spine Crawler  
  100  13:30  Drone  
  100  13:31  Drone  
  99  13:34  Spore Crawler  
  99  13:35  Spine Crawler  
  99  13:37  Spine Crawler  
  99  13:40  Roach x2  
  100  13:50  Drone x2  
  100  13:51  Hive  
  100  13:53  Roach  
  69  14:14  Roach x2  
  69  14:15  Drone x3  
  69  14:16  Zergling x6, Roach x4  
  85  14:32  Roach x6  
  85  14:35  Zerg Melee Weapons Level 1  
  81  14:40  Queen  
  81  14:45  Roach x2  
  87  14:46  Drone  
  69  15:21  Roach x6  
  71  15:22  Roach x2  
  71  15:24  Roach x5  
  80  15:35  Roach x4  
  74  15:36  Roach  
  71  15:42  Evolution Chamber  
  71  15:45  Drone  
  71  15:49  Drone x2  
  47  16:08  Drone x2  
  49  16:21  Ultralisk Cavern  
  49  16:24  Hatchery  
  49  16:25  Drone  
  47  16:40  Zergling x4  
  47  16:41  Zergling x2  
  46  16:59  Zergling x2, Roach x2  
  46  17:00  Zergling x2  
  50  17:01  Zergling x2  
  50  17:04  Zergling x2  
Show
View Real Time Build Order
Export as new Build Order

trole Zerg - Winner!

Build Orders: Hatch First 

Get SALT Encoding   

  12  0:01  Drone  
  13  0:10  Drone  
  14  0:16  Overlord  
  14  0:23  Extractor, Drone  
  15  0:35  Drone x2  
  17  0:45  Drone  
  18  0:57  Hatchery  
  18  1:00  Drone  
  18  1:05  Extractor  
  17  1:15  Spawning Pool  
  17  1:18  Drone  
  17  1:21  Drone  
  18  1:29  Drone  
  19  1:38  Overlord  
  19  1:55  Drone  
  20  2:05  Drone  
  20  2:06  Queen  
  23  2:09  Queen  
  23  2:11  Zergling x4  
  27  2:16  Metabolic Boost  
  27  2:22  Drone  
  28  2:23  Drone  
  29  2:34  Overlord  
  29  2:35  Overlord  
  29  2:53  Drone x2  
  29  2:55  Zergling x4  
  33  3:05  Drone x2  
  35  3:08  Lair  
  35  3:15  Drone x3  
  35  3:19  Zergling x6  
  41  3:20  Zergling x2  
  41  3:26  Drone  
  43  3:35  Drone  
  43  3:36  Baneling Nest  
  43  3:37  Drone  
  43  3:38  Overlord  
  44  3:54  Overlord x2  
  44  3:57  Zergling x4  
  44  4:00  Extractor x2, Drone x4  
  44  4:02  Zergling x2  
  49  4:08  Overseer  
  49  4:14  Hydralisk Den  
  49  4:15  Drone  
  49  4:17  Drone  
  49  4:18  Drone  
  49  4:21  Drone x3  
  49  4:23  Drone x2  
  56  4:33  Drone  
  57  4:38  Hatchery, Zergling x4  
  57  4:39  Zergling x2  
  57  4:43  Evolution Chamber  
  58  4:45  Evolution Chamber  
  58  4:46  Drone x2  
  49  4:55  Zergling x2  
  49  4:56  Zergling x4  
  34  5:25  Spine Crawler  
  33  5:29  Zergling x14  
  33  5:30  Spine Crawler  
  39  5:38  Queen  
  41  5:43  Zergling x4  
  39  5:58  Zergling x4  
  39  6:00  Zergling x2  
  38  6:13  Zergling x4  
  39  6:20  Baneling x4  
  39  6:22  Centrifical Hooks  
  34  6:48  Zergling x2  
  34  6:49  Zergling x18  
  44  7:03  Overlord x2  
  44  7:04  Overlord  
  42  7:29  Zergling x8  
  46  7:35  Zergling x2  
  46  7:36  Queen, Zergling x2  
  49  7:42  Muscular Augments  
  49  7:44  Hydralisk  
  51  7:57  Zergling x6  
  52  8:29  Zergling x2  
  52  8:30  Hydralisk x4, Zergling x6  
  64  8:34  Zerg Ground Armor Level 1  
  64  8:35  Zerg Melee Weapons Level 1  
  64  8:37  Zergling x2  
  64  8:38  Drone  
  66  8:49  Drone x2  
  66  8:54  Grooved Spines  
  68  8:55  Extractor  
  67  9:10  Drone  
  67  9:12  Overlord x3  
  68  9:26  Overlord x2  
  68  9:31  Hydralisk x2  
  68  9:32  Hydralisk  
  68  9:34  Hydralisk  
  76  9:40  Infestation Pit  
  75  9:51  Hatchery  
  73  9:55  Hydralisk x5  
  73  9:56  Hydralisk x2  
  73  9:59  Overseer  
  87  10:02  Hydralisk  
  89  10:18  Hydralisk, Hive  
  89  10:20  Overlord  
  91  10:22  Drone x2  
  93  10:31  Zergling x2  
  93  10:32  Zergling x2  
  95  10:41  Zergling x2  
  95  10:42  Zergling x2  
  84  10:45  Baneling x3  
  84  10:46  Baneling x7  
  84  10:50  Zergling x2  
  84  10:51  Zergling x10  
  76  11:07  Hydralisk  
  76  11:08  Hydralisk x3  
  52  11:22  Zergling x2  
  52  11:23  Zergling x6  
  57  11:32  Drone  
  57  11:33  Drone  
  58  11:43  Drone  
  58  11:44  Drone x2  
  61  11:48  Drone x2  
  61  11:49  Extractor  
  62  12:00  Hydralisk x2  
  66  12:01  Drone x2  
  68  12:10  Hatchery  
  68  12:12  Hydralisk x6  
  68  12:13  Hydralisk  
  68  12:15  Drone  
  78  12:54  Baneling x9  
  78  12:55  Baneling x6  
  78  12:56  Hydralisk  
  78  12:57  Zergling x2  
  78  12:58  Zergling x14  
  88  13:03  Zerg Missile Weapons Level 1  
  88  13:04  Zerg Melee Weapons Level 2  
  88  13:09  Zergling x2  
  60  13:37  Hydralisk x2  
  60  13:38  Hydralisk x7  
  78  13:48  Zergling x6  
  81  14:08  Hydralisk, Swarm Host  
  69  14:11  Zergling x2  
  69  14:12  Zergling x18  
  79  14:17  Adrenal Glands  
  79  14:19  Zergling x14  
  84  14:36  Zergling x4  
  84  14:37  Zergling x12  
  80  15:07  Zergling x18  
  80  15:08  Zergling x4  
  80  15:12  Zerg Ground Armor Level 2  
  77  15:37  Zergling x2  
  77  15:38  Zergling x16  
  83  15:53  Hydralisk  
  83  15:54  Hydralisk x6  
  95  16:05  Drone x3, Extractor  
  95  16:08  Drone  
  98  16:20  Hydralisk  
  98  16:21  Hydralisk  
  98  16:24  Hydralisk  
  104  16:26  Zergling x2  
  104  16:27  Zergling x2  
  106  16:37  Hatchery  
  98  17:01  Hydralisk  
  98  17:02  Hydralisk x8  
  114  17:18  Drone x2  
Show
View Real Time Build Order
Export as new Build Order

Ljemicus Protoss - Winner!

Build Orders: 1 Gate Expand, Dark Templar Rush 

Get SALT Encoding   

  12  0:01  Probe  
  13  0:13  Probe  
  14  0:18  Pylon  
  14  0:25  Probe  
  15  0:37  Probe (Chrono Boost)  
  15  0:38  Gateway  
  16  0:46  Assimilator  
  16  0:49  Probe (Chrono Boost)  
  17  0:56  Probe (Chrono Boost)  
  18  1:03  Probe (Chrono Boost)  
  19  1:15  Probe (Chrono Boost)  
  20  1:22  Probe (Chrono Boost)  
  21  1:32  Probe, Nexus  
  22  1:38  Pylon  
  22  1:51  Cybernetics Core  
  22  1:55  Assimilator  
  22  1:57  Probe  
  23  2:07  Zealot  
  25  2:12  Probe  
  26  2:16  Pylon  
  26  2:28  Twilight Council  
  26  2:33  Robotics Facility  
  26  2:35  Probe (Chrono Boost)  
  27  2:41  Warp Gate  
  26  2:44  Probe (Chrono Boost)  
  26  2:48  Probe (Chrono Boost)  
  28  2:51  Adept  
  30  2:59  Probe (Chrono Boost)  
  30  3:03  Probe  
  32  3:09  Pylon  
  32  3:11  Probe  
  33  3:15  Probe  
  34  3:23  Probe, Dark Shrine  
  36  3:27  Probe  
  36  3:33  Gateway  
  36  3:35  Probe  
  36  3:39  Probe  
  38  3:46  Gateway  
  38  3:51  Gateway  
  38  3:56  Charge  
  38  4:06  Pylon x2  
  38  4:11  Gateway  
  38  4:17  Warp Prism  
  38  4:21  Probe x2  
  42  4:25  Assimilator  
  42  4:29  Assimilator  
  42  4:33  Probe  
  43  4:38  Dark Templar  
  43  4:39  Dark Templar  
  43  4:44  Dark Templar  
  48  5:06  Stalker  
  46  5:16  Probe  
  46  5:17  Probe, Stalker  
  46  5:18  Stalker x2  
  48  5:29  Zealot  
  48  5:30  Zealot  
  44  5:42  Zealot x3  
  39  5:52  Zealot x2  
  41  6:08  Stalker  
  41  6:09  Stalker x2  
  47  6:12  Stalker  
  47  6:13  Stalker  
  51  6:21  Shield Battery  
  51  6:22  Shield Battery  
  51  6:23  Shield Battery  
  51  6:25  Shield Battery  
  51  6:32  Stalker x2  
  43  6:33  Stalker  
  41  6:47  Stalker  
  41  6:48  Zealot  
  43  6:56  Pylon  
  43  6:57  Pylon  
  43  7:00  Pylon  
  37  7:02  Stalker x2  
  41  7:14  Probe x2  
  43  7:22  Dark Templar  
  43  7:26  Probe  
  43  7:27  Zealot x3  
  52  7:37  Zealot  
  52  7:51  Zealot x3  
  56  8:03  Dark Templar  
  52  8:09  Dark Templar  
  44  8:23  Zealot x3  
  50  8:29  Probe x2 (Chrono Boost)  
  52  8:41  Probe x2 (Chrono Boost)  
  54  8:47  Probe x2 (Chrono Boost)  
  50  8:49  Gateway  
  50  8:50  Gateway  
  50  8:51  Gateway  
  50  8:52  Gateway  
  50  8:55  Probe x2  
  49  9:01  Dark Templar x2  
  54  9:17  Stargate  
  54  9:20  Observer  
  55  9:30  Stalker x3  
  61  9:43  Nexus  
  57  10:21  Probe  
  57  10:22  Probe  
  59  10:37  Pylon  
  59  10:39  Pylon  
  59  10:40  Stalker x3  
  59  10:41  Stalker x2  
  59  10:42  Forge  
  69  10:44  Forge  
  69  10:47  Forge  
  69  10:48  Blink  
  69  10:49  Pylon  
  69  10:50  Pylon  
  69  10:52  Pylon  
  69  10:55  Templar Archives  
  69  11:00  Stalker  
  71  11:28  Probe x2  
  71  11:31  Probe  
  74  11:37  Assimilator  
  74  11:40  Probe  
  74  11:41  Probe, Assimilator  
  74  11:43  Probe, Photon Cannon  
  74  11:44  Photon Cannon  
  74  11:46  Photon Cannon  
  77  11:48  Photon Cannon  
  77  11:52  Shield Battery  
  77  11:53  Probe x2  
  79  11:54  Shield Battery  
  79  11:55  Probe  
  76  12:27  Stalker x4  
  76  12:28  Stalker x5  
  76  12:29  Protoss Ground Weapons Level 1 (Chrono Boost)  
  76  12:30  Protoss Ground Armor Level 1 (Chrono Boost)  
  76  12:32  Protoss Shields Level 1 (Chrono Boost)  
  74  12:38  Probe x2  
  76  12:44  Probe  
  76  12:50  Probe x2  
  79  12:56  High Templar x5  
  79  12:57  Probe, High Templar  
  92  13:03  Psionic Storm  
  92  13:09  Archon x2  
  92  13:10  Archon  
  92  13:15  Zealot  
  92  13:16  Zealot x2  
  98  13:36  High Templar x3  
  98  13:38  Nexus  
  98  13:40  Archon, Pylon  
  104  13:43  Zealot x2, Pylon  
  104  13:44  Zealot x2  
  104  13:46  High Templar  
  114  13:50  Archon  
  94  14:15  Stalker x2  
  94  14:16  Stalker x4  
  104  14:17  Stalker x2  
  88  14:37  Stalker  
  80  14:42  Protoss Ground Weapons Level 2 (Chrono Boost), Protoss Ground Armor Level 2 (Chrono Boost)  
  80  14:43  Protoss Shields Level 2 (Chrono Boost)  
  80  14:53  Zealot x3  
  80  14:54  Zealot x4  
  94  15:03  Probe x3  
  94  15:04  Probe  
  98  15:15  Probe x3  
  98  15:16  Probe  
  100  15:31  Stalker x5  
  100  15:32  Stalker  
  110  15:40  Probe  
  110  15:41  Probe x3  
  110  15:51  Photon Cannon  
  110  15:52  Photon Cannon  
  110  15:57  High Templar x3  
  110  15:58  High Templar x2  
  110  16:00  Zealot x3  
  110  16:02  Archon x2  
  126  16:08  Warp Prism  
  128  16:23  Zealot x4  
  134  16:52  Warp Prism  
  132  17:08  Assimilator  
  132  17:13  Assimilator  
  132  17:17  Probe x3, Gateway  
  132  17:18  Probe, Gateway  
  132  17:19  Zealot x2  
  132  17:20  Zealot x6  
  132  17:21  Gateway  
  150  17:24  Gateway  
  150  17:26  Zealot  
Tags
 
Add a new tag
Caveats
  • Supply blocks, unpowered buildings, or Contaminate may cause inaccurate times.
  • Supply counts are checked every 10 seconds.